[Event "Late-Titled-Tuesday-Blitz-February-06-2024"]
[Site "Chess.com"]
[Date "2024.02.06"]
[Round "4"]
[White "winniethepooh04"]
[Black "GMAkobianSTL"]
[Result "1/2-1/2"]
[WhiteElo "2521"]
[BlackElo "2681"]
[TimeControl "180+1"]
[EndTime "14:40:02 PST"]
[Termination "Game drawn by repetition"]

1. d4 e6 2. Nf3 f5 3. Bf4 Nf6 4. e3 d5 5. Nbd2 Bd6 6. Ne5 O-O 7. Bd3 c5 8. c3 c4 9. Be2 Nc6 10.
Ndf3 Ne4 11. h4 Nxe5 12. Nxe5 Qc7 13. h5 Bd7 14. O-O Be8 15. Qc2 b5 16. a3 a5 17.
Bh2 Qd8 18. f3 Nf6 19. h6 gxh6 20. Bf4 Kg7 21. Qd2 Nh5 22. Bh2 Qh4 23. Qe1 Qxe1 24.
Raxe1 Nf6 25. Bd1 b4 26. axb4 axb4 27. Bc2 b3 28. Bb1 Ra6 29. e4 fxe4 30. fxe4 dxe4 31. Bxe4 Nxe4 32. Rxf8 Kxf8 33. Rxe4 Ra1+ 34. Kf2 Ke7 35. Bf4 Bg6 36. Nxg6+ hxg6 37. Bxh6 Rb1 38. Re2 Kd7 39. Ke3 Kc6 40. Bf4 Be7 41. Ke4 g5 42. Be3 Kd7 43. d5 Kd6 44. dxe6 Kxe6 45. Kd4 Kf5 46. Kxc4 Kg4 47. Kxb3 Bf6 48. Kc2 Ra1 49. Bc5 Ra5 50.
Bb4 Ra6 51. c4 Kg3 52. Bc3 Bxc3 53. Kxc3 g4 54. c5 Kh2 55. b4 g3 56. b5 Rf6 57. c6 Rf2 58. c7 Rxe2 59. c8=Q Kxg2 60. Qc6+ Kf2 61. Qf6+ Ke1 62. Kd3 Rd2+ 63. Kc3 g2 64. Qe5+ Re2 65. Qg3+ Kf1 66. Qf3+ Ke1 67. Qg3+ Kf1 68.
Qf3+ Ke1 69. Qg4 Kf1 70. Qf3+ 1/2-1/2

[Event "Late-Titled-Tuesday-Blitz-February-06-2024"]
[Site "Chess.com"]
[Date "2024.02.06"]
[Round "4"]
[White "Laico"]
[Black "ahkashefi2800"]
[Result "0-1"]
[WhiteElo "2373"]
[BlackElo "2532"]
[TimeControl "180+1"]
[EndTime "14:40:03 PST"]
[Termination "ahkashefi2800 won on time"]

1. e4 c6 2. d4 d5 3. f3 dxe4 4.
fxe4 e5 5. Nf3 Be6 6. c3 Nd7 7. Bd3 Ngf6 8. O-O Bd6 9. Bg5 Qc7 10. Nbd2 h6 11. Bh4 O-O-O 12. Qa4 Kb8 13. Bf2 Ng4 14. Bg3 exd4 15. Bxd6 Qxd6 16. cxd4 Nc5 17. Qa3 Nxd3 18.
Qxd3 Qc7 19. b4 Qb6 20. Qc3 Nf6 21. a4 a6 22. Kh1 Rhe8 23. Rfb1 Bg4 24. b5 cxb5 25. axb5 a5 26. Rxa5 Rc8 27. Qa3 Bxf3 28. gxf3 Rc2 29. Ra8+ Kc7 30. Rc1 Rxc1+ 31. Qxc1+ Kd7 32.
Nc4 Qxd4 33. Ra2 Qc5 34. Rd2+ Ke7 35. Rc2 Rd8 36. Ne3 Qxb5 37. Qa3+ Ke8 38. Kg2 Qg5+ 39. Kf2 Qh4+ 40. Kg1 Qe1+ 41. Kg2 Rd2+ 42. Rxd2 Qxd2+ 43. Kg3 Nh5+ 44. Kg4 Qd7+ 45. Nf5 Nf6+ 46. Kg3 Qc7+ 47.
Kh3 g6 48. Qa8+ Kd7 49. Qa4+ Qc6 50. Qd4+ Kc7 51. Ne3 Qd7+ 52. Kg2 Qxd4 0-1

[Event "Late-Titled-Tuesday-Blitz-February-06-2024"]
[Site "Chess.com"]
[Date "2024.02.06"]
[Round "4"]
[White "Marcan2b"]
[Black "DavidGavrilescu18"]
[Result "1/2-1/2"]
[WhiteElo "2995"]
[BlackElo "2779"]
[TimeControl "180+1"]
[EndTime "14:40:05 PST"]
[Termination "Game drawn - insufficient material"]

1. e4 c5 2. Nf3 e6 3. d4 cxd4 4. Nxd4 Nf6 5. Qe2 d5 6. exd5 Nxd5 7. g3 Be7 8. Bg2 O-O 9. O-O Nf4 10. Bxf4 Qxd4 11. Nc3 Nc6 12. Rad1 Qb6 13. Qb5 Qxb5 14. Nxb5 e5 15. Be3 Bg4 16. Rd2 Rfd8 17. Rxd8+ Rxd8 18. Nxa7 Nxa7 19. Bxa7 Ra8 20. Be3 Rxa2 21. Rb1 Bf5 22. Bd5 Ra5 23. Bxb7 Rb5 24. Ba6 Bxc2 25. Bxb5 Bxb1 26.
Bc4 Kf8 27. Bd2 Bc5 28. Kf1 Ke7 29. Ke2 Be4 30. Bc3 f6 31. b4 Bb6 32. Bd3 Bxd3+ 33. Kxd3 Bxf2 34. b5 Kd6 35. Kc4 e4 36. Bb4+ Kc7 37.
Kd5 f5 38. Bc3 g6 39. Be5+ Kb6 40. Kc4 h5 41. h4 Bg1 42. Bf4 e3 43. Kd3 Kxb5 44.
Bxe3 Bh2 45. Bf4 Kc6 46. Ke2 Bg1 47. Kf3 Kd5 48. Bb8 Bd4 49. Bf4 Ke6 50. Bc1 Kd5 51. Bg5 Be5 52. Bc1 Kc4 53. Bg5 Kd3 54. Bc1 Kd4 55.
Bb2+ Kd5 56. Bc1 Ke6 57. Bg5 Bf6 58. Bf4 Be7 59. Bc1 Kf7 60. Bd2 Bd6 61. Bc3 Ke6 62. Bd2 Kd5 63. Bc1 Be7 64. Bd2 Bd8 65. Bh6 Ke6 66. Bd2 Kf7 67. Bh6 Kg8 68. Bc1 Kg7 69. Bf4 Bf6 70. Bb8 g5 71. hxg5 Bxg5 72. Be5+ Kg6 73. Bb2 Bf6 74. Bc1 Be5 75. Bd2 Kf6 76.
Be1 Ke6 77. Bd2 Kd5 78. Be1 Kc4 79. Ba5 Kd3 80. Bb6 Kd2 81. Be3+ Kd3 82. Bb6 Kc4 83. Be3 Kd5 84. Ba7 Ke6 85. Be3 Kf7 86. Bd2 Kg6 87.
Be3 Bf6 88. Bd2 h4 89. gxh4 Bxh4 90. Bc3 Bg5 91. Be1 Kf7 92. Bc3 Ke6 93. Be1 f4 94. Bd2 Kf5 95. Bxf4 1/2-1/2

[Event "Late-Titled-Tuesday-Blitz-February-06-2024"]
[Site "Chess.com"]
[Date "2024.02.06"]
[Round "4"]
[White "Teidi96"]
[Black "Slovak_fighter2000"]
[Result "1-0"]
[WhiteElo "2349"]
[BlackElo "2501"]
[TimeControl "180+1"]
[EndTime "14:40:07 PST"]
[Termination "Teidi96 won on time"]

1. e4 c6 2. d4 d5 3. exd5 cxd5 4. c4 Nf6 5. Nc3 e6 6. Nf3 Be7 7. cxd5 Nxd5 8. Bd3 O-O 9. O-O Nc6 10. Re1 Nxc3 11. bxc3 b6 12. Bc2 Bb7 13. Qd3 g6 14. Bh6 Re8 15. Rad1 Bf6 16. Ba4 Qd5 17. Bb3 Qh5 18. Bf4 Na5 19. Ne5 Nxb3 20. axb3 Qf5 21. Qxf5 gxf5 22. Nd7 Bg7 23. Be5 Bxe5 24. Nxe5 Rac8 25. c4 a5 26. Nd7 Kg7 27. Nxb6 Rc7 28. d5 Kf6 29. d6 Rc6 30. Nd7+ Kg7 31. Ne5 Rc5 32. Nd3 Rc6 33. c5 Ba6 34. b4 Bxd3 35. Rxd3 axb4 36.
Rc1 Rd8 37. Kf1 b3 38. Rxb3 Rdxd6 39. cxd6 Rxc1+ 40. Ke2 Rc8 41. f4 Rd8 42. Rb6 f6 43.
Kd3 e5 44. Kc4 e4 45. Kd5 e3 46. Rb7+ Kg6 47. Re7 Rb8 48. Rxe3 Rb2 49. d7 Kf7 50.
Kd6 Rd2+ 51. Kc7 Rc2+ 52. Kd8 Rc4 53. g3 Rc2 54. Re7+ Kf8 55. Rxh7 Rc1 56. Rh8+ Kf7 57. Rh7+ Kf8 58. Rh5 Kf7 59. Rxf5 Rd1 60. Rc5 Ke6 61. Rc6+ Kf7 62. Kc8 Ke7 63. Rc7 1-0

[Event "Late-Titled-Tuesday-Blitz-February-06-2024"]
[Site "Chess.com"]
[Date "2024.02.06"]
[Round "4"]
[White "Igor_Lysyj"]
[Black "JM2005GM"]
[Result "1-0"]
[WhiteElo "2886"]
[BlackElo "2636"]
[TimeControl "180+1"]
[EndTime "14:40:08 PST"]
[Termination "Igor_Lysyj won by resignation"]

1. d4 Nf6 2. c4 e6 3. Nf3 b6 4. a3 Bb7 5. Nc3 d5 6. Bf4 a6 7. e3 Be7 8. cxd5 Nxd5 9. Nxd5 Bxd5 10. Qc2 c5 11. dxc5 Bxc5 12. Rd1 Qc8 13. Bd3 Nd7 14. O-O h6 15. Rc1 O-O 16. e4 Bb7 17. Qe2 Qd8 18.
b4 Be7 19. Rfd1 b5 20. Rc7 Bc8 21. Qc2 Qe8 22. e5 Nb6 23. Bh7+ Kh8 24. Be4 Nd5 25.
Bxd5 exd5 26. Nd4 Be6 27. Qd2 Kh7 28. Rdc1 Bd8 29. R7c3 Bb6 30. h3 Bxd4 31. Qxd4 Qd8 32.
Be3 a5 33. Qf4 axb4 34. axb4 Qb8 35. Bd4 Ra4 36. Bc5 Re8 37. Rg3 Qa8 38. Be3 Ra1 39. Rxa1 Qxa1+ 40. Kh2 Qb1 41. Qd4 Qe4 42. Qc5 Qxe5 43.
Bd4 Qf4 44. Bxg7 h5 45. Qd4 Qxd4 46. Bxd4 Rg8 47. Re3 Rc8 48. Bc5 Ra8 49. Re5 Kg6 50. f3 Ra2 51. h4 Ra3 52. Kg3 Ra2 53. Rg5+ Kh6 54. Be3 Rb2 55. Rxd5+ Kg6 56. Rg5+ Kh7 57. Rxh5+ Kg6 58. Rg5+ Kh7 59. Rxb5 Bc4 60. Rh5+ Kg6 61.
Rg5+ Kh7 62. Rg7+ 1-0

[Event "Late-Titled-Tuesday-Blitz-February-06-2024"]
[Site "Chess.com"]
[Date "2024.02.06"]
[Round "4"]
[White "BilodeauA"]
[Black "Semetey"]
[Result "1/2-1/2"]
[WhiteElo "2974"]
[BlackElo "2613"]
[TimeControl "180+1"]
[EndTime "14:40:08 PST"]
[Termination "Game drawn by repetition"]

1. e4 e5 2. Nf3 Nc6 3. Bc4 Bc5 4. d3 Nf6 5. Nc3 h6 6. h3 a6 7. a4 d6 8. Be3 Qe7 9. Bxc5 dxc5 10. Nd2 Be6 11.
Bxe6 Qxe6 12. Nc4 g5 13. a5 O-O-O 14. Qd2 Rhg8 15. O-O-O Nd4 16. Kb1 b5 17. axb6 cxb6 18. Ne3 Kb7 19. h4 g4 20. Ncd5 Nxd5 21. Nxd5 h5 22.
c3 Nc6 23. Ne3 Ne7 24. Rhf1 f5 25. exf5 Nxf5 26. Rfe1 Nxh4 27. Rh1 Ng6 28. Rxh5 Nf4 29. Rh7+ Kb8 30. Qc2 Qg6 31. Re7 Rxd3 32. Rxd3 Nxd3 33. Nc4 Rh8 34. Ne3 Rh1+ 35. Ka2 Qc6 36. Nd1 c4 37. b4 cxb3+ 38. Kxb3 Qb5+ 39. Ka2 Qa5+ 40. Kb1 Qb5+ 41. Ka2 Qc4+ 42. Ka3 Qc5+ 43. Ka2 Qxe7 44. Qxd3 Qe6+ 45. Kb2 Kc7 46. Ne3 Qd6 47. Qxa6 Qd2+ 48. Nc2 Qc1+ 49. Kb3 Qb1+ 50. Kc4 Qxc2 51. Qa7+ Kc6 52. Qa8+ Kd6 53.
Qd8+ Ke6 54. Qe8+ Kf5 55. Qf7+ Kg5 56. Qe7+ Kg6 57. Qe6+ Kg7 58. Qe7+ Kh6 59. Qf8+ Kh7 60. Qe7+ Kh6 61. Qf8+ Kg5 62. Qe7+ Kg6 63. Qe8+ Kf6 64. Qf8+ Ke6 65. Qe8+ Kf5 66. Qf7+ Kg5 67. Qe7+ 1/2-1/2

[Event "Late-Titled-Tuesday-Blitz-February-06-2024"]
[Site "Chess.com"]
[Date "2024.02.06"]
[Round "4"]
[White "Hui_Li_Macau"]
[Black "cristianserban1"]
[Result "0-1"]
[WhiteElo "2360"]
[BlackElo "2526"]
[TimeControl "180+1"]
[EndTime "14:40:08 PST"]
[Termination "cristianserban1 won by checkmate"]

1. e4 g6 2. d4 Bg7 3. Nc3 a6 4. Nf3 c6 5. Bd3 d5 6. h3 dxe4 7. Nxe4 Nf6 8. Nxf6+ exf6 9. Qe2+ Be6 10. Bc4 Qd6 11. Bxe6 fxe6 12. O-O O-O 13. Re1 Re8 14. Qc4 Nd7 15. Bd2 b5 16. Qb3 Qd5 17. Bf4 Nb6 18. c3 a5 19. Qxd5 Nxd5 20. Bd6 Kf7 21. Re2 Bf8 22. Bxf8 Kxf8 23. Rae1 Kf7 24. Nd2 Rad8 25. g3 Nb6 26. Nb3 a4 27. Nc5 Rd6 28.
b3 axb3 29. axb3 Nd5 30. Ne4 Rdd8 31. Ra1 Re7 32. Rc2 e5 33. dxe5 Rxe5 34. Ra7+ Ne7 35. Rd2 Rxd2 36. Nxd2 Re2 37. Nf3 Rc2 38. c4 bxc4 39.
bxc4 Rxc4 40. Kf1 Ke6 41. Ke2 h5 42. Kd3 Rc1 43. Nd4+ Kd6 44. Kd2 Rh1 45. h4 g5 46.
Nf3 g4 47. Nd4 Rb1 48. Ke2 Rb2+ 49. Ke3 Nd5+ 50. Kd3 Rxf2 51. Rh7 c5 52. Ne2 Rf3+ 53. Kd2 c4 54. Rxh5 c3+ 55. Kd1 Ne3+ 56. Ke1 Rf1# 0-1

[Event "Late-Titled-Tuesday-Blitz-February-06-2024"]
[Site "Chess.com"]
[Date "2024.02.06"]
[Round "4"]
[White "Baronessa08"]
[Black "GadimbayliA"]
[Result "0-1"]
[WhiteElo "2523"]
[BlackElo "2807"]
[TimeControl "180+1"]
[EndTime "14:40:09 PST"]
[Termination "GadimbayliA won by resignation"]

1. Nf3 Nf6 2. d4 d5 3. c4 e6 4.
Nc3 Nc6 5. cxd5 exd5 6. Bg5 Be6 7. e3 Bb4 8. Bd3 h6 9. Bxf6 Qxf6 10. h3 O-O 11.
O-O Ne7 12. Rc1 c6 13. Ne5 Bf5 14. Bxf5 Qxf5 15. Qc2 Qe6 16. Ne2 Bd6 17. Nf4 Qc8 18. Nfd3 f6 19. Nf3 Re8 20. Rfe1 Nf5 21. Nc5 Bxc5 22.
Qxc5 Qd7 23. b4 Nd6 24. Qc3 Kf7 25. Nd2 Re7 26. f3 Rae8 27. Re2 Qf5 28. Rce1 Qg6 29. a4 Nf5 30. b5 Re6 31. bxc6 bxc6 32. a5 Ng3 33.
Rf2 Nf5 34. Rfe2 Ng3 35. Rf2 Qg5 36. e4 dxe4 37. fxe4 Nxe4 38. Nxe4 Rxe4 39. Rxe4 Rxe4 40. Qxc6 Re1+ 41. Kh2 Qxa5 42. Qd7+ Re7 43. Qc6 Qc7+ 44. Qxc7 Rxc7 45. Ra2 Rd7 46. Ra6 Kg6 47. Kg3 Kf5 48. Kf3 h5 49. Ra5+ Ke6 50. Rxh5 Rxd4 51. Ra5 Rd7 52.
Kg4 Kd6 53. Kh5 Kc6 54. g4 Kb6 55. Ra3 a5 56. Kg6 Kb5 57. h4 a4 58. Ra1 Kb4 59. Rb1+ Kc3 60. Rc1+ Kb2 61. Rc6 Rb7 62. Ra6 a3 0-1

[Event "Late-Titled-Tuesday-Blitz-February-06-2024"]
[Site "Chess.com"]
[Date "2024.02.06"]
[Round "4"]
[White "FrenchMonster2002"]
[Black "trriinu"]
[Result "0-1"]
[WhiteElo "2449"]
[BlackElo "2225"]
[TimeControl "180+1"]
[EndTime "14:40:13 PST"]
[Termination "trriinu won by checkmate"]

1. e4 d5 2. exd5 Qxd5 3. Nf3 Bg4 4. Be2 Nf6 5. d4 e6 6. c4 Qd6 7.
Nc3 Nc6 8. Be3 O-O-O 9. O-O Bxf3 10. Bxf3 Nxd4 11. Bxd4 Qxd4 12. Qa4 Qb6 13. b4 Rd4 14. c5 Bxc5 15. bxc5 Qxc5 16. Qb3 Rb4 17. Qa3 Rc4 18.
Qxc5 Rxc5 19. Rac1 c6 20. Rfd1 Rd8 21. Rxd8+ Kxd8 22.
Kf1 Nd5 23. Ne2 Ra5 24. Bxd5 exd5 25. Rc2 Kd7 26. Nc1 Kd6 27. Ke2 c5 28. Nb3 Rb5 29. Nd2 a5 30. f4 a4 31. Nf3 Rb4 32. g3 Re4+ 33. Kd3 b5 34. Ne5 f6 35. Nf3 c4+ 36. Kd2 Kc5 37. Rc1 d4 38. Rb1 c3+ 39. Kd1 Re3 40. Ne1 b4 41. Nc2 Rd3+ 42. Kc1 b3 43.
axb3 axb3 44. Rxb3 Rd2 45. Ra3 Rxh2 46. Ra4 Rh1+ 47. Ne1 Rxe1+ 48. Kc2 Re2+ 49. Kd3 Rd2+ 50. Ke4 c2 51. Ra8 Kb4 52. Rc8 Kb3 53. Rb8+ Kc3 54. Rc8+ Kb2 55. Rb8+ Kc1 56. Rc8 Kd1 57. f5 c1=Q 58.
Rxc1+ Kxc1 59. g4 Re2+ 60. Kd5 d3 61. Kd6 d2 62. g5 d1=Q+ 63. Kc5 Rc2+ 64. Kb4 Kd2 65. Ka3 Qb1 66. Ka4 Ra2# 0-1

[Event "Late-Titled-Tuesday-Blitz-February-06-2024"]
[Site "Chess.com"]
[Date "2024.02.06"]
[Round "4"]
[White "Andrei_Skvortsov"]
[Black "eCztery"]
[Result "1-0"]
[WhiteElo "2685"]
[BlackElo "2425"]
[TimeControl "180+1"]
[EndTime "14:40:15 PST"]
[Termination "Andrei_Skvortsov won by checkmate"]

1. e4 c5 2. d4 cxd4 3. Qxd4 Nc6 4. Qe3 g6 5. Nf3 Nf6 6. c4 Bg7 7. Nc3 O-O 8. Be2 d6 9. O-O Bg4 10. Rd1 Qa5 11. h3 Bxf3 12. Bxf3 Rac8 13. Bd2 Qa6 14. b3 Nd7 15. Bg4 Rcd8 16. Rac1 Nde5 17. Be2 Nd4 18. Bf1 e6 19. Be1 Ndc6 20. f4 Nd7 21. Rxd6 Qa3 22.
Rcd1 Nc5 23. Rxd8 Rxd8 24. Rxd8+ Nxd8 25. e5 Bf8 26. Bf2 Nc6 27. Qd2 Qa5 28. Be3 Nxb3 29. axb3 Bb4 30. Qd7 Bxc3 31. Qxb7 Bd4 32. Bxd4 Nxd4 33.
b4 Qa1 34. Qe4 Qc3 35. b5 Nf5 36.
Qf3 Qc1 37. Qf2 Ne3 38. g3 Nxc4 39. Qxa7 Ne3 40. Qa8+ Kg7 41. Qf3 Qc5 42. Qf2 Qb6 43. g4 f6 44. exf6+ Kxf6 45. Kh1 Qb7+ 46. Kg1 Nd5 47.
Qd4+ Kf7 48. f5 gxf5 49. gxf5 Qc7 50. fxe6+ Kxe6 51. Qe4+ Kd6 52. Qd4 Qf7 53. Qg4 Qe7 54. Qg3+ Kc5 55. Qf2+ Kd6 56. h4 Qg7+ 57. Kh2 Qe5+ 58.
Qg3 Nf4 59. b6 Qb2+ 60. Kh1 Ke5 61. Qe3+ Kf5 62. Bd3+ Kg4 63. Qg1+ Kh3 64. Bf5+ Kxh4 65. Qg4# 1-0

[Event "Late-Titled-Tuesday-Blitz-February-06-2024"]
[Site "Chess.com"]
[Date "2024.02.06"]
[Round "4"]
[White "Grindaveci"]
[Black "FrenchHarvey"]
[Result "1/2-1/2"]
[WhiteElo "2455"]
[BlackElo "2686"]
[TimeControl "180+1"]
[EndTime "14:40:16 PST"]
[Termination "Game drawn - insufficient material"]

1. e4 c5 2. c3 d6 3. d4 Nf6 4.
Bd3 e5 5. h3 Nc6 6. Nf3 cxd4 7.
cxd4 exd4 8. O-O Be7 9. Nbd2 O-O 10. Nb3 Qb6 11. Bb1 d5 12. e5 Ne4 13. Nbxd4 Nxd4 14. Qxd4 Bc5 15. Qxd5 Bxf2+ 16. Rxf2 Qxf2+ 17. Kh2 Ng3 18. Bf4 Ne2 19. Qe4 g6 20. Bh6 Bf5 21. Qe3 Qg3+ 22.
Kh1 Bxh3 23. Qxe2 Rfc8 24. Be4 Bg4 25. Qe3 Bxf3 26. Bxf3 Re8 27. b3 Rxe5 28. Qf4 Qxf4 29. Bxf4 Rf5 30. Bxb7 Rd8 31. Be3 a5 32. Rc1 h5 33. a3 h4 34. Kh2 g5 35. Bf3 Rd3 36. Be4 Rxe3 37. Bxf5 Rxb3 38. a4 Rb4 39. Bd7 g4 40. Rc5 h3 41. gxh3 gxh3 42. Kxh3 Kf8 43.
Rxa5 Ke7 44. Bb5 Kd6 45. Ra7 f5 46. Kg3 Ke5 47. Re7+ Kf6 48. Rc7 Ke5 49. Rc4 Rb3+ 50. Kf2 Ra3 51. Ke2 f4 52. Kf2 Ra2+ 53. Kf3 Ra3+ 54.
Kg4 Rg3+ 55. Kh4 Ra3 56. Rc8 Ke4 57. Re8+ Kf3 58. Bc6+ Kf2 59. Rf8 Ke3 60. Kg4 Ra1 61.
Rxf4 Rg1+ 62. Kf5 Rc1 63. Rf3+ Kd4 64. Ra3 Rxc6 65. a5 Ra6 66. Kf4 Kc5 67. Ra1 Kb5 68.
Ke4 Rxa5 69. Rxa5+ Kxa5 1/2-1/2

[Event "Late-Titled-Tuesday-Blitz-February-06-2024"]
[Site "Chess.com"]
[Date "2024.02.06"]
[Round "4"]
[White "chessisveryfun1264"]
[Black "mbojan"]
[Result "1/2-1/2"]
[WhiteElo "2585"]
[BlackElo "2847"]
[TimeControl "180+1"]
[EndTime "14:40:18 PST"]
[Termination "Game drawn - insufficient material"]

1. d4 a6 2. e4 e6 3. Nc3 d5 4. e5 c5 5. Nce2 cxd4 6. Nxd4 Nc6 7. Ngf3 Nge7 8. Bd3 Qc7 9. Qe2 Ng6 10.
Nxc6 bxc6 11. h4 f6 12. exf6 gxf6 13. Nd4 e5 14. c4 Bb4+ 15. Kf1 O-O 16. Nf5 e4 17. Nh6+ Kh8 18. Bc2 a5 19. Be3 Ba6 20. b3 Bc3 21. Rd1 d4 22. Bxd4 Bxd4 23. Rxd4 f5 24. h5 Ne5 25. Nxf5 Rxf5 26. Qxe4 Raf8 27. f3 Bc8 28. Qe2 Nxf3 29. gxf3 Rxf3+ 30. Ke1 Qg7 31. Qe4 Qg3+ 32. Kd1 Bf5 33. Qh4 Bxc2+ 34. Kxc2 Qg7 35.
Rd2 Qf7 36. Qd4+ Qf6 37. Qxf6+ R3xf6 38. Rhd1 Rh6 39. Rd6 Rxh5 40. Rxc6 Rh2+ 41. Rd2 Rxd2+ 42. Kxd2 Rf2+ 43. Kc3 Rxa2 44. Rc7 h5 45. c5 h4 46. c6 Ra1 47. Kb2 Rg1 48. Ra7 Rg8 49. Rxa5 Rc8 50. Rh5+ Kg7 51. Rxh4 Rxc6 52. Rf4 Kg6 53.
b4 Kg5 54. Rf8 Rb6 55. Kb3 Rb7 56. Ka4 Ra7+ 57. Kb5 Rb7+ 58. Kc5 Kg6 59. b5 Kg7 60. Rf2 Rc7+ 61. Kb6 Rc8 62. Ka6 Rb8 63. b6 Ra8+ 64. Kb7 Rf8 65. Ka7 Rxf2 66. b7 Ra2+ 67. Kb6 Rb2+ 68.
Ka7 Rc2 69. b8=Q Ra2+ 70. Kb7 Rb2+ 71. Ka8 Rxb8+ 72. Kxb8 1/2-1/2

[Event "Late-Titled-Tuesday-Blitz-February-06-2024"]
[Site "Chess.com"]
[Date "2024.02.06"]
[Round "4"]
[White "ChessSwole"]
[Black "ljuks68"]
[Result "0-1"]
[WhiteElo "2659"]
[BlackElo "2436"]
[TimeControl "180+1"]
[EndTime "14:40:19 PST"]
[Termination "ljuks68 won by resignation"]

1. e4 e6 2. d4 d5 3. Nc3 Bb4 4. Ne2 Nc6 5. a3 Ba5 6. b4 Bb6 7. Be3 Nge7 8. Na4 dxe4 9. c4 a6 10. Nxb6 cxb6 11. Qc2 b5 12. cxb5 axb5 13. Nc3 Nxb4 14.
Qxe4 Nbd5 15. Bxb5+ Bd7 16. Nxd5 Bxb5 17. Nxe7 Qxe7 18. f3 O-O 19. Kf2 Bc6 20. Qd3 Qh4+ 21. Ke2 Ra5 22. Rab1 Rfa8 23. Rb3 Bd5 24. Rc3 b5 25. g3 Qh5 26. Bd2 Bc4 27. Rxc4 bxc4 28. Qxc4 Rxa3 29. Qc6 h6 30. h4 Qf5 31. Rc1 Qd3+ 32. Ke1 Qxf3 33. Qxf3 Rxf3 34. Bf4 Ra2 35. Rc8+ Kh7 36. Rc7 Rb3 37. Kd1 Rb1+ 38. Bc1 Rg2 39. Rxf7 Rg1+ 40. Ke2 Rbxc1 41. Re7 Rce1+ 42. Kf2 Rgf1+ 43.
Kg2 Rf5 44. Re8 Rd5 45. Kf2 Re4 46. Kf3 Rdxd4 47. h5 Re5 48. g4 Ree4 49. Kg3 Rxg4+ 50. Kh3 Rg5 51. Rxe6 Rd1 52. Kh2 Rdg1 53. Re3 R1g4 54. Kh3 Rf4 55. Re8 Rxh5+ 56. Kg3 Ra4 57. Rc8 Rb5 58.
Rc3 h5 59. Kh3 Kh6 60. Rc6+ g6 61. Rc3 Rab4 62. Rc8 Rb3+ 63. Kg2 Kg5 64. Rc4 R5b4 65.
Rc5+ Kg4 66. Rc6 Rb2+ 67. Kg1 g5 68. Rc1 Rd2 69. Re1 Rbd4 70. Re3 R4d3 71. Re4+ Kg3 72. Re1 Rd1 73. Kf1 Rxe1+ 0-1

[Event "Late-Titled-Tuesday-Blitz-February-06-2024"]
[Site "Chess.com"]
[Date "2024.02.06"]
[Round "4"]
[White "DanielDardha2005"]
[Black "DanielNaroditsky"]
[Result "1/2-1/2"]
[WhiteElo "2911"]
[BlackElo "3201"]
[TimeControl "180+1"]
[EndTime "14:40:22 PST"]
[Termination "Game drawn - insufficient material"]

1. e4 e5 2. Nf3 Nc6 3. Bc4 Nf6 4.
d3 h6 5. a4 a5 6. c3 Be7 7.
O-O O-O 8. Re1 d6 9. Nbd2 Kh8 10. Nf1 Ng8 11. Ng3 g6 12. d4 Bf6 13. Be3 Bg7 14.
dxe5 Nxe5 15. Nxe5 Bxe5 16. Qd2 Qh4 17. f4 Bg7 18. Nf1 Be6 19. Be2 Nf6 20. Bf3 Bg4 21. Bf2 Qh5 22. Ng3 Qh4 23. Nf5 Qh5 24. Nxg7 Kxg7 25.
Bxg4 Qxg4 26. Bd4 c5 27. Bxf6+ Kxf6 28. Qxd6+ Kg7 29. Rad1 Rae8 30. h3 Qg3 31. Qxc5 Qxf4 32. Qxa5 Rxe4 33. Rxe4 Qxe4 34. Qc5 Kg8 35. Qd4 Qc2 36.
Rd2 Qc1+ 37. Kh2 Re8 38. Qf4 Kg7 39. Rf2 Qxf4+ 40. Rxf4 Re7 41. a5 f5 42. Rb4 g5 43.
Kg3 Kg6 44. Rb6+ Kh5 45. Kf3 f4 46. c4 Rd7 47. b4 Rc7 48. c5 Rd7 49. c6 bxc6 50.
Rxc6 Rd3+ 51. Ke4 Re3+ 52. Kd4 Re2 53. a6 Rxg2 54. b5 Ra2 55. Rf6 Kh4 56. Rxh6+ Kg3 57.
Rg6 Kh4 58. Rh6+ Kg3 59. Rh5 f3 60. Rxg5+ Kxh3 61. Kc5 f2 62. Rf5 Kg2 63. Kb6 Ra3 64. Rxf2+ Kxf2 65. Kb7 Ke3 66. a7 Kd4 67. b6 Kc5 68. Kc7 Ra6 69. b7 Rxa7 70. Kc8 Rxb7 71. Kxb7 1/2-1/2

[Event "Late-Titled-Tuesday-Blitz-February-06-2024"]
[Site "Chess.com"]
[Date "2024.02.06"]
[Round "4"]
[White "mightysmasher"]
[Black "Seochesspie"]
[Result "0-1"]
[WhiteElo "2563"]
[BlackElo "2795"]
[TimeControl "180+1"]
[EndTime "14:40:26 PST"]
[Termination "Seochesspie won by checkmate"]

1. e4 c6 2. d4 d5 3. Nd2 dxe4 4.
Nxe4 Nf6 5. Nxf6+ exf6 6. c3 Bd6 7. Bd3 Nd7 8. Ne2 Nf8 9. O-O Ng6 10. Re1 O-O 11. Ng3 Qc7 12. Be3 Be6 13. Qh5 Rfe8 14. a3 a5 15. Rad1 Re7 16. Ne4 a4 17. Nxd6 Qxd6 18. c4 Rae8 19. d5 cxd5 20. cxd5 Bd7 21. h3 Re5 22. Qf3 R5e7 23. Bb1 Ne5 24. Qe4 f5 25.
Qf4 g6 26. Qd4 b5 27. Qc5 Qxc5 28. Bxc5 Nf3+ 29. gxf3 Rxe1+ 30. Rxe1 Rxe1+ 31. Kg2 Rxb1 32. Bd4 f4 33. Be5 Bf5 34. Bxf4 Rxb2 35. d6 Rb3 36. h4 Rxa3 37. h5 Rd3 38. Kg3 a3 39. hxg6 hxg6 40. Be5 a2 41. Kf4 b4 42. Kg5 b3 43.
Kf6 Rxd6+ 44. Ke7 Re6+ 45. Kd8 Rxe5 46. Kc7 b2 47. Kd6 b1=Q 48. Kxe5 a1=Q+ 49. Kf4 Qe4+ 50. Kg5 Qh4+ 51. Kxh4 g5+ 52. Kxg5 f6+ 53. Kxf5 Kf7 54. f4 Qa5+ 55. Kg4 Kg6 56. f3 f5+ 57. Kg3 Kh5 58.
Kh3 Qa3 59. Kg3 Qb3 60. Kf2 Kh4 61. Ke2 Kg3 62. Kd2 Qxf3 63. Kc2 Qxf4 64. Kd3 Qd6+ 65.
Ke3 f4+ 66. Ke4 Qf8 67. Ke5 Kg2 68. Ke6 f3 69. Ke5 f2 70. Ke6 f1=Q 71. Kd5 Qc4+ 72. Ke5 Qd4+ 73. Kxd4 Qd6+ 74. Ke4 Kf2 75. Kf5 Kf3 76. Kg5 Qe6 77. Kh5 Qg8 78. Kh4 Kf4 79. Kh3 Qg5 80. Kh2 Kf3 81. Kh1 Kf2 82. Kh2 Qh6# 0-1

[Event "Late-Titled-Tuesday-Blitz-February-06-2024"]
[Site "Chess.com"]
[Date "2024.02.06"]
[Round "4"]
[White "NowInChess"]
[Black "SocoLoco"]
[Result "1/2-1/2"]
[WhiteElo "2323"]
[BlackElo "2180"]
[TimeControl "180+1"]
[EndTime "14:40:26 PST"]
[Termination "Game drawn by repetition"]

1. e4 c5 2. d3 d5 3. Nd2 f5 4. exd5 Qxd5 5. Ngf3 Nc6 6. Be2 Nf6 7.
O-O e5 8. Re1 Be7 9. Bf1 O-O 10.
Nc4 Bd6 11. Nxd6 Qxd6 12. g3 h6 13. Bg2 Be6 14. Qe2 Nd7 15. c3 Bd5 16. Bd2 Rad8 17.
Rad1 Rfe8 18. Bc1 b5 19. a4 a6 20. axb5 axb5 21. Nh4 Bxg2 22. Kxg2 Qf6 23. Qf3 Rf8 24.
Qd5+ Kh7 25. Qb3 Rb8 26. Nf3 Rfd8 27. Qa2 Nb6 28. Be3 Qd6 29. Qa3 Nd7 30. d4 b4 31. cxb4 cxb4 32. Qc3 e4 33. Qd2 exf3+ 34. Kxf3 Qd5+ 35. Ke2 Nf6 36. Kf1 Ne4 37. Qc2 Ne7 38. Bf4 Rbc8 39. Qb1 Ng5 40. Be5 Qh1+ 41. Ke2 Qe4+ 42. Kf1 Qxb1 43. Rxb1 Rc2 44. h4 Ne4 45. Re2 Rdc8 46. Ra1 Rxe2 47. Kxe2 Rc2+ 48. Ke1 Rxb2 49. Ra7 Rb1+ 50. Ke2 Kg6 51. Rxe7 Kh5 52. Rxg7 Nc3+ 53.
Kd2 Nd5 54. f3 b3 55. g4+ fxg4 56. fxg4+ Kxh4 57. Rg6 Kh3 58. Rxh6+ Kg2 59. g5 Ne7 60. d5 Nf5 61. Rh5 b2 62. g6 Rd1+ 63. Kxd1 b1=Q+ 64. Kd2 Ne7 65. Rg5+ Kf3 66. g7 Ke4 67. g8=Q Qd3+ 68.
Ke1 Qe3+ 69. Kf1 Qf3+ 70. Kg1 Qe3+ 71. Kf1 Qf3+ 72. Kg1 Qe3+ 73. Kh1 Qh3+ 74. Kg1 Qe3+ 1/2-1/2

[Event "Late-Titled-Tuesday-Blitz-February-06-2024"]
[Site "Chess.com"]
[Date "2024.02.06"]
[Round "4"]
[White "The_Machine04"]
[Black "valeriocarnicelli"]
[Result "1/2-1/2"]
[WhiteElo "2720"]
[BlackElo "2535"]
[TimeControl "180+1"]
[EndTime "14:40:27 PST"]
[Termination "Game drawn - insufficient material"]

1. d4 Nf6 2. Nf3 c5 3. e3 e6 4. Nbd2 d5 5. c3 Nc6 6. Bd3 Bd6 7. O-O O-O 8. dxc5 Bxc5 9. b4 Bd6 10. Bb2 a5 11. a3 h6 12. e4 Re8 13. Qe2 Qc7 14. Rad1 Ne5 15. Nxe5 Bxe5 16. Nf3 dxe4 17. Bxe4 Nxe4 18. Qxe4 Bf6 19. b5 a4 20. Qb4 b6 21.
Qd6 Ra7 22. Qxc7 Rxc7 23. Rd6 Rb7 24. Rfd1 Be7 25. R6d4 Ra7 26. c4 Bc5 27. Rd8 Rf8 28. Rxf8+ Bxf8 29. Rd8 Ra8 30. Ne5 Bb7 31. Rxa8 Bxa8 32.
Nd7 Be4 33. Nxb6 Bd3 34. h3 f6 35. Nxa4 Bxc4 36. b6 Bd5 37. Nc3 Bc6 38. a4 Bb4 39. Kf1 Ba5 40. Nb5 Bxb6 41. f3 e5 42. Ke2 Kf7 43. Kd3 Ke6 44. Kc4 h5 45. Bc3 h4 46.
a5 Bd8 47. a6 Bb6 48. Bb4 g5 49. Bc5 Bxc5 50. Kxc5 Kd7 51. Nc3 f5 52. Nd5 e4 53.
fxe4 fxe4 54. Nb4 Ba8 55. Kd4 Kc7 56. Na2 Kb6 57. Nc3 e3 58. Kxe3 Bxg2 59. Ne4 g4 60. hxg4 h3 61. Ng3 h2 62. g5 h1=Q 63. Nxh1 Bxh1 64. Kd4 Bf3 65. g6 Bh5 66. g7 Bf7 67. a7 Kxa7 68. Ke5 Bg8 69. Kd6 Kb6 70. Ke7 Kc7 71.
Kf8 Be6 72. Ke7 Bd5 73. Kf6 Bc4 74. Ke7 Kc8 75. Ke8 Kc7 76. Kf8 Kd7 77. g8=Q Bxg8 1/2-1/2